 Dungeon Crawl Stone Soup version 0.31-a0-208-gdb31a4691d (webtiles) character file.

Game seed: 9874517205437508839

83923 rabbitsville the Champion of Chaos (level 15, -10/112 HPs)
             Began as a Hill Orc Conjurer on June 27, 2023.
             Was the Champion of Makhleb.
             Shot with an arrow by a centaur warrior (21 damage)
             ... on level 14 of the Dungeon on June 29, 2023.
             The game lasted 02:29:39 (30801 turns).

rabbitsville the Champion of Chaos (HOCj)          Turns: 30801, Time: 02:29:40

Health: -10/112    AC: 18    Str: 10    XL:     15   Next: 78%
Magic:  39/39      EV: 15    Int: 35    God:    Makhleb [******]
Gold:   595        SH:  0    Dex: 12    Spells: 27/34 levels left

rFire   + . .        z - +1 dagger "Reqeluw" {flame, Will+++ Str-2 Int+6 Dex+3}
rCold   . . .        (no shield)
rNeg    . . .        Y - +4 ring mail {rF+}
rPois   .            d - +3 hat of Pondering {ponderous, Will+ MP+10 Int+5}
rElec   .            (no cloak)
rCorr   .            L - +2 pair of gloves
SInv    .            (no boots)
Will    +++++        P - amulet of the acrobat
Stlth   +            a - ring of wizardry
HPRegen 0.38/turn    G - +5 ring of evasion
MPRegen 0.26/turn

%: acrobat, wizardry (x1)
@: slow
A: no striking features
a: Renounce Religion, Minor Destruction, Lesser Servant of Makhleb, Major
Destruction, Greater Servant of Makhleb


You were on level 14 of the Dungeon.
You worshipped Makhleb.
Makhleb was exalted by your worship.
You visited 3 branches of the dungeon, and saw 20 of its levels.
You also visited: Sewer, Ossuary, Bailey and Volcano.

You collected 1777 gold pieces.
You spent 1182 gold pieces at shops.

Inventory:

Hand Weapons
 k - the +6 shillelagh "Devastator" {shatter}
   (You found it on level 11 of the Dungeon)
 z - the +1 dagger "Reqeluw" (weapon) {flame, Will+++ Str-2 Int+6 Dex+3}
   (You bought it in a shop on level 2 of the Orcish Mines)

   Str:       It affects your strength (-2).
   Int:       It affects your intelligence (+6).
   Dex:       It affects your dexterity (+3).
   Will:      It greatly increases your willpower.
Missiles
 v - 7 throwing nets
Armour
 d - the +3 hat of Pondering (worn) {ponderous, Will+ MP+10 Int+5}
   (You took it off Gastronok on level 3 of the Lair of Beasts)

   Int:       It affects your intelligence (+5).
   MP:        It affects your magic capacity (+10).
   Will:      It increases your willpower.
 L - a +2 pair of gloves (worn)
 Y - a +4 ring mail of fire resistance (worn)
Jewellery
 a - a ring of wizardry (left hand)
 j - a +6 ring of strength
 s - a ring of protection from fire
 G - a +5 ring of evasion (right hand)
 J - a +6 ring of dexterity
 O - a ring of ice
 P - an amulet of the acrobat (around neck)
 T - a ring of protection from fire
 W - a ring of see invisible
 Z - a ring of willpower
Wands
 c - a wand of charming (6)
 y - a wand of digging (13)
 F - a wand of polymorph (33)
 K - a wand of mindburst (11)
 N - a wand of roots (16)
 R - a wand of flame (32)
 V - a wand of light (11)
Scrolls
 f - 4 scrolls of revelation
 i - 7 scrolls of immolation
 m - 4 scrolls of enchant armour
 o - a scroll of fear
 p - 7 scrolls of enchant weapon
 q - 3 scrolls of noise
 w - 6 scrolls of identify
 B - 3 scrolls of blinking
 C - 6 scrolls of poison
 D - 3 scrolls of amnesia
 E - 2 scrolls of fog
 H - 7 scrolls of teleportation
 I - 4 scrolls of vulnerability
 M - a scroll of summoning
Potions
 b - a potion of magic
 e - 5 potions of enlightenment
 g - 7 potions of attraction
 h - 5 potions of lignification
 l - 2 potions of might
 n - 4 potions of curing
 r - 2 potions of mutation
 t - 6 potions of berserk rage
 u - a potion of resistance
 x - 5 potions of haste
 A - 7 potions of heal wounds
 S - 8 potions of ambrosia
 U - 6 potions of cancellation
 X - 2 potions of invisibility
Miscellaneous
 Q - a box of beasts


   Skills:
 - Level 4.9 Fighting
 - Level 4.5 Maces & Flails
 + Level 14.6 Armour
 - Level 1.5 Dodging
 - Level 1.5 Stealth
 - Level 10.3 Spellcasting
 * Level 16.1 Conjurations
 + Level 19.0 Invocations


You had 27 spell levels left.
You knew the following spells:

 Your Spells              Type           Power      Damage    Failure   Level
a - Magic Dart            Conj           100%       1d8       0%          1
b - Searing Ray           Conj           100%       2d8       0%          2
c - Iskenderun's Mystic   Conj/Tloc      65%        2d13      1%          4

Your spell library contained the following spells:

 Spells                   Type           Power      Damage    Failure   Level
 Freeze                   Ice            72%        1d8       1%          1
 Slow                     Hex            72%        N/A       1%          1
 Dazzling Flash           Conj/Hex       100%       N/A       1%          3
 Hailstorm                Conj/Ice       65%        3d14      1%          3
 Fulminant Prism          Conj/Hex       32%        3d16      1%          4
 Blink                    Tloc           36%        N/A       2%          2
 Cigotuvi's Dreadful Rot  Necr/Pois/Air  36%        N/A       2%          2
 Ensorcelled Hibernation  Hex/Ice        36%        N/A       2%          2
 Passwall                 Tmut/Erth      15%        N/A       2%          2
 Confusing Touch          Hex            18%        N/A       6%          3
 Frozen Ramparts          Ice            36%        1d6       6%          3
 Ignite Poison            Fire/Tmut/Pois 18%        N/A       6%          3
 Swiftness                Air            18%        N/A       6%          3
 Vampiric Draining        Necr           18%        2d7       6%          3
 Freezing Cloud           Conj/Ice/Air   27%        6-21      6%          5
 Ice Form                 Ice/Tmut       18%        N/A       19%         4
 Manifold Assault         Tloc           18%        N/A       19%         4
 Summon Ice Beast         Ice/Summ       18%        N/A       19%         4
 Alistair's Intoxication  Tmut/Pois      12%        N/A       45%         5
 Borgnjor's Vile Clutch   Necr/Erth      9%         N/A       45%         5
 Eringya's Noxious Bog    Tmut/Pois      9%         N/A       94%         6
 Storm Form               Tmut/Air       9%         N/A       100%        7


Dungeon Overview and Level Annotations

Branches:
Dungeon (14/15)            Temple (0/1) D:5            Lair (4/5) D:8
  Swamp (0/4) Lair:3       Spider (0/4) Lair:2          Orc (2/2) D:10
    Elf (0/3) Orc:2        Vaults (0/5) D:13          Sewer (visited)
Ossuary (visited)          Bailey (visited)         Volcano (visited)
  Slime: Lair:4-5

Altars:
Ashenzari
Cheibriados
Elyvilon
Fedhas
Hepliaklqana
Kikubaaqudgha
Makhleb
Ru
Uskayaw
Vehumet
Xom
Zin
The Shining One
Beogh

Shops:
D:12 ?*:?   D:13 [   Orc:1 *:(   Orc:2 [=!(

Annotations:
D:12 2 runed translucent doors, exclusion: orange crystal statue
D:14 Nessos


Message History

* * * LOW HITPOINT WARNING * * *
Nessos shoots an arrow.
The arrow misses you.
A centaur comes into view. It is wielding a +0 shortbow.
You hear a shout!
You feel sick.
The centaur shouts!
A centaur comes into view.
It is wielding a +0 shortbow and carrying a wand of flame (7).
Blink to where?
Press: ? - help, Dir - move target, p - Nessos
As you read the scroll of blinking, it crumbles to dust.
You feel sick.
You are no longer poisoned.
Nessos shoots an arrow.
The arrow hits you.
* * * LOW HITPOINT WARNING * * *
Nessos shoots an arrow.
The arrow closely misses you.
Nessos shoots an arrow.
The arrow hits you!
* * * LOW HITPOINT WARNING * * *
The arrow burns you.
You are poisoned.
* * * LOW HITPOINT WARNING * * *
Nessos casts a spell.
Nessos blinks!
Nessos casts a spell.
Nessos blinks!
You feel very sick.
Nessos shoots an arrow.
The arrow misses you.
The centaur warrior shoots an arrow.
The arrow hits you!
* * * LOW HITPOINT WARNING * * *
There is an open door, spattered with blood here.
You feel better.
Nessos shoots an arrow.
The arrow hits you.
* * * LOW HITPOINT WARNING * * *
The arrow burns you.
You are lethally poisoned!
* * * LOW HITPOINT WARNING * * *
Nessos shoots an arrow.
The arrow barely misses you.
The centaur warrior shoots an arrow.
The arrow barely misses you.
You feel better.
Nessos gestures wildly while chanting.
Nessos blinks!
The centaur warrior shoots an arrow.
The arrow hits you!!
You die...

##.....§..........##...........
#...c.c...§......##...........
#................##.....#.....
#....[.....c.....##.....#.....
#................##.....#..###
.cc...##.................######
....c. #................##.....
..... ................##......
## ########@#########...(...
#.......# #........ #.......#
#........ #.......# #..)..[..
#.....### #........
#.....#######.......(
#...........##.......
#............##......
..'.............##....#


You could see Nessos (fast, corroded) and a centaur warrior.

Vanquished Creatures
  Harold (D:10)
  3 vault guards (D:13)
  2 hydras
  A catoblepas (D:13)
  A boulder beetle (Lair:3)
  Erica (D:11)
  An ogre mage (Volcano)
  5 centaur warriors
  8 two-headed ogres
  3 tengu warriors
  4 orc high priests (Orc:2)
  A hell knight (Volcano)
  2 wizards (D:13)
  8 orc knights
  A necromancer (D:13)
  A lindwurm (Lair:3)
  A deep elf pyromancer (D:12)
  5 cyclopes
  3 manticores
  8 orc sorcerers
  15 slime creatures
  2 black mambas
  An orange demon (D:10)
  7 cane toads
  A gargoyle (D:10)
  2 unseen horrors (D:11)
  A rime drake (Lair:3)
  3 komodo dragons
  3 kobold demonologists (D:13)
  3 meliai (Lair:4)
  A queen bee (Lair:4)
  A meliai (shapeshifter) (D:14)
  2 hornets
  9 trolls
  18 blink frogs
  Prince Ribbit (D:8)
  5 dream sheep (Lair:4)
  3 jumping spiders (Lair:2)
  A spriggan (Lair:3)
  67 yaks
  A vampire (D:13)
  2 wraiths
  A human (shapeshifter) (D:14)
  3 wyverns
  17 humans (D:13)
  A golden eye (shapeshifter) (D:14)
  6 wargs
  Edmund (D:4)
  11 water moccasins
  An ice beast (D:8)
  59 orc warriors
  2 black bears
  2 sky beasts
  17 ogres
  10 wolves
  3 centaurs
  A boggart (D:14)
  16 bullfrogs
  4 kobold brigands
  2 gnoll sergeants
  A water moccasin zombie (Ossuary)
  6 scorpions
  5 wights (D:9)
  26 killer bees
  An electric eel (Lair:3)
  5 hounds
  A jelly (D:5)
  32 orc priests
  A sleepcap (D:5)
  Jessica (D:2)
  4 iguanas
  7 hell rats (Lair:4)
  20 orc wizards
  2 mummies (Ossuary)
  28 gnolls
  8 adders
  A river rat (D:4)
  A shadow imp (D:5)
  A white imp (D:5)
  An ufetubus (D:6)
  4 adder zombies
  2 adder skeletons (D:2)
  2 worms (D:2)
  123 orcs
  6 ball pythons
  5 bats
  A bat zombie (D:2)
  5 endoplasms
  10 giant cockroaches
  8 goblins
  4 hobgoblins
  7 jackals
  19 kobolds
  8 quokkas
  A ball python zombie (D:2)
  11 frilled lizards
  6 gnoll zombies (Ossuary)
  4 hobgoblin zombies (Ossuary)
  7 kobold zombies (Ossuary)
  5 orc zombies (Ossuary)
  6 rats
  A spectral hobgoblin (D:1)
  A spectral kobold (D:4)
764 creatures vanquished.

Vanquished Creatures (collateral kills)
  Gastronok (Lair:3)
  An orc warlord (Orc:2)
  2 catoblepae
  A two-headed ogre (Volcano)
  A boulder beetle (D:6)
  Amaemon (D:10)
  A pharaoh ant (Lair:2)
  A black mamba (Lair:3)
  Maggie (D:6)
  A cane toad (Lair:2)
  A kobold demonologist (D:10)
  A yak (Lair:2)
  A bullfrog (Lair:2)
  2 scorpions (D:6)
  A howler monkey (D:6)
  2 gnoll boudas
  5 gnolls
  3 orcs (Bailey)
27 creatures vanquished.

Vanquished Creatures (others)
  A deep elf pyromancer (D:14)
  A cyclops (D:14)
2 creatures vanquished.

Grand Total: 793 creatures vanquished

Notes
Turn   | Place    | Note
-------+----------+-------------------------------------------
     0 | D:1      | rabbitsville the Hill Orc Conjurer began the quest for the
                  | Orb.
     0 | D:1      | Reached XP level 1. HP: 14/14 MP: 3/3
   355 | D:1      | Reached XP level 2. HP: 20/20 MP: 2/4
   483 | D:1      | Found a faded altar of an unknown god.
   488 | D:1      | Prayed at the altar of an unknown god.
   488 | D:1      | Became a worshipper of Makhleb the Destroyer
   488 | D:1      | Reached * piety under Makhleb
  1200 | D:2      | Reached XP level 3. HP: 16/26 MP: 1/6
  1271 | D:2      | Reached skill level 1 in Invocations
  1650 | D:2      | Learned a level 2 spell: Searing Ray
  2382 | D:2      | Noticed Jessica
  2392 | D:2      | Killed Jessica
  2393 | D:2      | Reached XP level 4. HP: 28/33 MP: 2/8
  2531 | D:2      | Reached skill level 2 in Invocations
  2536 | D:2      | Reached XP level 5. HP: 27/38 MP: 0/9
  2828 | D:3      | Reached ** piety under Makhleb
  2869 | D:3      | Found a radiant altar of Vehumet.
  3038 | D:3      | Found a snail-covered altar of Cheibriados.
  3487 | D:3      | Reached skill level 3 in Invocations
  3788 | D:4      | Reached skill level 5 in Conjurations
  3788 | D:4      | Reached XP level 6. HP: 44/45 MP: 8/11
  3809 | D:4      | Noticed Edmund
  3821 | D:4      | Killed Edmund
  3869 | D:4      | Found a broken altar of Ashenzari.
  4098 | D:4      | Reached skill level 4 in Invocations
  4177 | D:4      | Found a glowing drain.
  4186 | D:4      | Reached XP level 7. HP: 50/50 MP: 10/13
  4208 | Sewer    | Entered a sewer
  4419 | Sewer    | Reached *** piety under Makhleb
  5112 | D:4      | Found a hazy altar of Hepliaklqana.
  5354 | D:4      | Reached skill level 5 in Invocations
  5703 | D:5      | Entered Level 5 of the Dungeon
  5776 | D:5      | Reached skill level 5 in Spellcasting
  5776 | D:5      | Reached XP level 8. HP: 52/57 MP: 8/15
  6320 | D:5      | Reached skill level 6 in Invocations
  6499 | D:5      | Found a staircase to the Ecumenical Temple.
  6769 | D:5      | Found a hide-covered altar of Uskayaw.
  6990 | D:6      | Noticed Maggie
  7005 | D:6      | Killed Maggie
  7006 | D:6      | Reached skill level 7 in Invocations
  7006 | D:6      | Reached XP level 9. HP: 19/62 MP: 11/18
  7212 | D:6      | Found a glowing golden altar of the Shining One.
  7212 | D:6      | Found a glowing silver altar of Zin.
  7212 | D:6      | Found a white marble altar of Elyvilon.
  7571 | D:6      | Noticed a boulder beetle
  7587 | D:6      | Killed a boulder beetle
  7588 | D:6      | Reached skill level 8 in Invocations
  8054 | D:7      | Found a sand-covered staircase.
  8061 | Ossuary  | Entered an ossuary
  8146 | Ossuary  | Reached **** piety under Makhleb
  8642 | D:7      | Found a sacrificial altar of Ru.
  8780 | D:8      | Upgraded the game from 0.31-a0-204-g7da18cac08 to
                  | 0.31-a0-208-gdb31a4691d
  8914 | D:8      | Reached XP level 10. HP: 66/69 MP: 21/21
  8919 | D:8      | Found a blossoming altar of Fedhas.
  8919 | D:8      | Noticed Prince Ribbit
  9041 | D:8      | Reached skill level 9 in Invocations
  9157 | D:8      | Found a staircase to the Lair.
  9269 | D:8      | Found a flagged portal.
  9299 | Bailey   | Entered a bailey
  9907 | Bailey   | Reached skill level 10 in Invocations
 10076 | Bailey   | Noticed an orc knight
 10234 | Bailey   | Killed an orc knight
 10615 | D:8      | Killed Prince Ribbit
 10711 | D:8      | Learned a level 4 spell: Iskenderun's Mystic Blast
 10908 | D:9      | Reached XP level 11. HP: 74/74 MP: 24/24
 11250 | D:9      | Reached skill level 11 in Invocations
 11517 | D:9      | Reached ***** piety under Makhleb
 11700 | D:9      | Found an ancient bone altar of Kikubaaqudgha.
 11703 | D:9      | Noticed a two-headed ogre
 11712 | D:9      | Killed a two-headed ogre
 11832 | D:10     | Entered Level 10 of the Dungeon
 11857 | D:10     | Noticed Amaemon
 11870 | D:10     | Killed Amaemon
 11876 | D:10     | Reached skill level 10 in Spellcasting
 11954 | D:10     | Noticed Harold
 11968 | D:10     | Killed Harold
 11969 | D:10     | Reached skill level 10 in Conjurations
 12191 | D:10     | Noticed a two-headed ogre
 12204 | D:10     | Killed a two-headed ogre
 12205 | D:10     | Reached skill level 12 in Invocations
 12328 | D:10     | Reached skill level 1 in Armour
 12604 | D:10     | Found a staircase to the Orcish Mines.
 12826 | D:10     | Noticed an orc knight
 12973 | D:10     | Reached XP level 12. HP: 50/81 MP: 5/26
 13516 | Lair:1   | Entered Level 1 of the Lair of Beasts
 13516 | Lair:1   | Noticed a catoblepas
 13684 | D:8      | Killed a catoblepas
 13685 | D:8      | Reached skill level 5 in Armour
 13971 | Lair:1   | Reached skill level 13 in Invocations
 14184 | Lair:1   | Identified the +7 plate armour of the Holding Gods {rF+ rC-
                  | rCorr Int+4}
 15084 | Lair:2   | Reached skill level 14 in Invocations
 15109 | Lair:2   | Noticed a catoblepas
 15140 | Lair:2   | Killed a catoblepas
 15296 | Lair:2   | Reached XP level 13. HP: 48/86 MP: 14/27
 15387 | Lair:2   | Found a hole to the Spider Nest.
 15999 | Lair:3   | Found a dark tunnel.
 16008 | Volcano  | Entered a volcano
 16039 | Volcano  | Found a bloodstained altar of Trog.
 16048 | Volcano  | Reached skill level 15 in Invocations
 16115 | Volcano  | Reached skill level 10 in Armour
 16535 | Lair:3   | Paralysed by a hornet for 3 turns
 17023 | Lair:3   | Found a staircase to the Swamp.
 17129 | Lair:3   | Reached skill level 16 in Invocations
 17208 | Lair:3   | Noticed Gastronok
 17234 | Lair:3   | Killed Gastronok
 18484 | Lair:4   | Reached XP level 14. HP: 92/93 MP: 16/28
 18980 | Lair:4   | Reached skill level 17 in Invocations
 20187 | D:11     | Found a burning altar of Makhleb.
 20187 | D:11     | Noticed a cacodemon
 20706 | D:11     | Found the +6 shillelagh "Devastator" {shatter}
 20731 | D:11     | Noticed Erica
 20747 | D:11     | Killed Erica
 21178 | D:11     | Reached skill level 1 in Fighting
 21178 | D:11     | Reached skill level 1 in Maces & Flails
 21383 | Orc:1    | Entered Level 1 of the Orcish Mines
 21499 | Orc:1    | Found Joh Xoxo's Vocational Training.
 21584 | Orc:1    | Found Zotsogh's Assorted Antiques.
 21644 | Orc:2    | Entered Level 2 of the Orcish Mines
 22239 | Orc:1    | Found Ysonifiz's Antique Weapon Emporium.
 22738 | Orc:2    | Found a roughly hewn altar of Beogh.
 23121 | Orc:2    | Found Forphat's Jewellery Emporium.
 23147 | Orc:2    | Reached ****** piety under Makhleb
 23272 | Orc:2    | Found Peproch's Armour Shoppe.
 24484 | Orc:2    | Noticed an orc warlord
 24634 | Orc:2    | Killed an orc warlord
 24948 | Orc:2    | Reached skill level 18 in Invocations
 25079 | Orc:2    | Found Nioduh's Weapon Shop.
 25247 | Orc:2    | Reached XP level 15. HP: 103/112 MP: 29/29
 25374 | Orc:2    | Found a roughly hewn altar of Beogh.
 25430 | Orc:2    | Found Wosunu's Distillery.
 25511 | Orc:2    | Bought a potion of heal wounds for 70 gold pieces
 25738 | Orc:2    | Found a staircase to the Elven Halls.
 25967 | Orc:2    | Bought the +1 dagger "Reqeluw" {flame, Will+++ Str-2 Int+6
                  | Dex+3} for 874 gold pieces
 26246 | D:12     | Reached skill level 15 in Conjurations
 26571 | D:12     | Found a large runed translucent door.
 26674 | D:12     | Found Ripsic Newo's Book Shop.
 26685 | D:12     | Found a large runed translucent door.
 26690 | D:12     | Found a shimmering altar of Xom.
 26724 | D:12     | Found Asublor's Magic Scroll Shop.
 26728 | D:12     | Bought a scroll of identify for 28 gold pieces
 26728 | D:12     | Bought a scroll of identify for 28 gold pieces
 26728 | D:12     | Bought a scroll of teleportation for 42 gold pieces
 27087 | D:12     | Found Anuwn's General Store.
 27473 | D:12     | Found Perr's Magic Scroll Emporium.
 27479 | D:12     | Bought a scroll of identify for 28 gold pieces
 27479 | D:12     | Bought a scroll of identify for 28 gold pieces
 27479 | D:12     | Bought a scroll of identify for 28 gold pieces
 27479 | D:12     | Bought a scroll of identify for 28 gold pieces
 27479 | D:12     | Bought a scroll of identify for 28 gold pieces
 28405 | D:13     | Found Tokoyo's Dragon-Slaying Spoils.
 28531 | D:13     | Found a gate to the Vaults.
 30448 | D:14     | Reached skill level 19 in Invocations
 30785 | D:14     | Noticed Nessos
 30799 | D:14     | HP: 1/112 [centaur warrior/arrow (11)]
 30801 | D:14     | Shot with an arrow by a centaur warrior

Illustrated notes

Levels and vault maps discovered:
D:1:      erik_arrival_cave_to_civilisation [erik_arrival_cave_to_hall],
          layout_basic, dreamdust_ecumenical_altar_drowned_temple
D:2:      layout_loops_corners, serial_undead, serial_undead_d, serial_undead_d,
          serial_undead_a, serial_undead_c, serial_undead_e,
          kennysheep_jessica_study
D:3:      layout_basic, mainiacjoe_overflow_catch_the_wave, uniq_jessica
D:4:      layout_loops_ring, evilmike_ruin_ashenzari,
          nicolae_hepliaklqana_monster_ancestors, portal_sewer_entry_b,
          reono_crystal_passage, uniq_edmund
D:5:      layout_loops_ring, mainiacjoe_overflow_chevrons,
          minmay_temple_entry_trees, hangedman_minor_gate_pass
D:6:      layout_rooms, good_gods_mini_temple, uniq_maggie
D:7:      layout_loops_cross, nicolae_ru_great_annihilating_truth,
          chequers_ossuary_entry_cave, minmay_misc_feat_columns,
          lemuel_flamethrower_2
D:8:      layout_basic, amcnicky_altar_gilded, grunt_lair_entry_orc_guard_hut,
          enter_bailey_7, uniq_prince_ribbit1
D:9:      layout_roguey, kiku_gazebo_pond_becter, blue_anna_alchemist
D:10:     layout_irregular_city, hiddenorc2_lemuel, uniq_amaemon, uniq_harold
D:11:     layout_irregular_city, makhleb_altar_promises_db, uniq_erica
D:12:     due_chaos_kobolds, layout_loops_corners, serial_shops, shop, shop,
          shop, shop, hangedman_decor_peaks_small
D:13:     layout_stronghold, grunt_vaults_entry_tiered,
          nicolae_shop_dragon_depot
D:14:     kennysheep_bubbly, layout_stronghold, minmay_misc_feat_pillars,
          lightli_corner_chamber, uniq_nessos
Lair:1:   layout_regular_city
Lair:2:   layout_roguey, nicolae_spider_entry_lesser_pyramids,
          infiniplex_staircase_pool_2, grunt_megastairs_3
Lair:3:   layout_chaotic_city, swamp_mist_pool, nicolae_volcano_entry_vermiform,
          chequers_serial_rivers_small_a, wad_woods_03, lemuel_fruit_tree,
          uniq_gastronok
Lair:4:   layout_long_grid, special_room [special_room_bee], grunt_megastairs_1
Orc:1:    layout_caves, serial_shops, shop, nicolae_diamond_shop,
          nicolae_shop_vocational
Orc:2:    pubby_orc_utopia, serial_shops

Skill      XL: |  1  2  3  4  5  6  7  8  9 10 11 12 13 14 15 |
---------------+----------------------------------------------+-----
Spellcasting   | 2 3 4 5 6 7 9 10 | 10.3
Invocations    | 1 2 3 4 5 7 8 10 12 14 16 18 19 | 19.0
Conjurations   | 5 6 7 8 9 10 12 13 14 16 | 16.1
Armour         | 2 9 11 13 14 | 14.6
Fighting       | 4 |  4.9
Maces & Flails | 4 |  4.5
Dodging        | |  1.5
Stealth        | |  1.5

Action                     |  1- 3 |  4- 6 |  7- 9 | 10-12 | 13-15 || total
---------------------------+-------+-------+-------+-------+-------++-------
  Melee: Club              |    13 |       |       |       |       ||    13
         Dagger            |    19 |     3 |       |       |    24 ||    46
         Short sword       |       |     2 |     6 |     5 |     9 ||    22
         Punch             |       |       |       |       |     1 ||     1
         Shillelagh        |       |       |       |       |   102 ||   102
         Staff             |       |       |       |       |     1 ||     1
   Cast: Magic Dart        |    78 |    40 |    58 |    40 |    21 ||   237
         Searing Ray       |     5 |    14 |    44 |    52 |    71 ||   186
         Iskenderun's Myst |       |       |       |    14 |   330 ||   344
 Invoke: Minor Destruction |       |    20 |    75 |   342 |   386 ||   823
         Lesser Servant of |       |       |     4 |    14 |    10 ||    28
         Major Destruction |       |       |     1 |    34 |    22 ||    57
         Greater Servant o |       |       |       |       |     1 ||     1
  Evoke: Wand              |       |       |       |     3 |       ||     3
    Use: Scroll            |       |       |       |    11 |    11 ||    22
         Potion            |       |       |       |     5 |     6 ||    11
   Stab: Sleeping          |       |       |       |       |     1 ||     1
 Armour: Robe              |    20 |     4 |    11 |     5 |       ||    40
         Troll leather arm |       |       |       |    27 |     5 ||    32
         Ring mail         |       |       |       |       |   232 ||   232
  Dodge: Dodged            |    57 |    13 |    58 |   299 |   634 ||  1061

Table legend: (Time is in decaauts)
 A = Elapsed time spent in this place.
 B = Non-inter-level travel time spent in this place.
 C = Inter-level travel time spent in this place.
 D = Time resting spent in this place.
 E = Time spent auto-exploring this place.
 F = Levels seen in this place.
 G = Mean time per level.
                   A        B        C        D        E       F      G
               +--------+--------+--------+--------+--------+-----+--------+
         Total |  31737 |  30886 |    851 |   3540 |  17941 |  24 | 1322.4 |
       Dungeon |  17648 |  17169 |    479 |   1013 |  11526 |  14 | 1260.6 |
          Lair |   6230 |   6043 |    187 |    632 |   3474 |   4 | 1557.5 |
  Orcish Mines |   4893 |   4710 |    183 |   1501 |   1595 |   2 | 2446.5 |
         Sewer |    993 |    993 |      0 |     12 |    717 |   1 |  993.0 |
       Ossuary |    341 |    341 |      0 |     21 |    225 |   1 |  341.0 |
        Bailey |   1328 |   1328 |      0 |    361 |    402 |   1 | 1328.0 |
       Volcano |    302 |    302 |      0 |      0 |      0 |   1 |  302.0 |
               +--------+--------+--------+--------+--------+-----+--------+

Top non-repeatable levels by time:
   Orc:2: 4006 daAuts
    D:13: 2251 daAuts
  Lair:4: 2038 daAuts
  Lair:3: 1906 daAuts
    D:10: 1754 daAuts
    D:12: 1630 daAuts
     D:2: 1586 daAuts
  Lair:2: 1393 daAuts
  Bailey: 1328 daAuts
     D:9: 1285 daAuts
     D:4: 1201 daAuts
     D:1: 1194 daAuts
     D:5: 1169 daAuts
    D:11: 1154 daAuts
    D:14: 1053 daAuts
